 Dungeon Crawl Stone Soup version 0.25-a0-448-g1f46b9f (webtiles) character file.

Game seed: 2207702607433767920, levelgen mode: deterministic

343 Auros the Slicer (level 6, -3/41 HPs)
             Began as a Halfling Fighter on Jan 31, 2020.
             Splashed by an orc's acid (5 damage)
             ... on level 4 of the Dungeon.
             The game lasted 00:08:24 (2660 turns).

Auros the Slicer (Halfling Fighter)                 Turns: 2660, Time: 00:08:24

Health: -3/41      AC:  3    Str: 19    XL:     6   Next: 88%
Magic:  6/6        EV: 10    Int:  6    God:
Gold:   140        SH:  9    Dex: 14    Spells: 5/5 levels left

rFire    . . .     SeeInvis .   a - +0 rapier
rCold    . . .     Gourm    .   g - +0 shield
rNeg     . . .     Faith    .   s - +0 leather armour "Olyud" {rCorr Stlth+} (curse)
rPois    .         Spirit   .   (no helmet)
rElec    .         Reflect  .   (no cloak)
rCorr    +         Harm     .   (no gloves)
MR       .....                  (no boots)
Stlth    ++........             (no amulet)
HPRegen  0.13/turn              r - ring of flight
MPRegen  0.10/turn              (no ring)

@: no status effects
A: small, mutation resistance 1
a: Evoke Flight


You were on level 4 of the Dungeon.
You were hungry.

You visited 1 branch of the dungeon, and saw 4 of its levels.

You collected 140 gold pieces.

Inventory:

Hand Weapons
 a - a +0 rapier (weapon)
Missiles
 l - 10 arrows
 o - 6 atropa-tipped darts
 p - 9 poisoned darts
 q - 34 bolts
 Z - 21 stones (quivered)
Armour
 b - a +0 scale mail
 f - a +0 chain mail
 g - a +0 shield (worn)
 s - the cursed +0 leather armour "Olyud" (worn) {rCorr Stlth+}
   (You found it on level 4 of the Dungeon)

   It provides partial protection from all sources of acid and corrosion.
   It makes you more stealthy.
   If you remove this armour, your AC will fall 3 points (3 -> 0) It has a curse
   placed upon it.
Jewellery
 r - a ring of flight (left hand)
Scrolls
 c - 2 scrolls of remove curse
 i - a scroll of identify
 j - a scroll of amnesia {unknown}
 n - a scroll of fog {unknown}
Potions
 d - a potion of might
 e - 3 potions of berserk rage {unknown}
 h - a potion of curing {unknown}
 k - 2 potions of cancellation {unknown}
 m - a potion of lignification {unknown}
Comestibles
 z - 12 rations


   Skills:
 - Level 2.6 Fighting
 + Level 8.2 Short Blades
 - Level 3.2 Armour
 - Level 3.2 Shields


You had 5 spell levels left.
You didn't know any spells.
Your spell library was empty.

Dungeon Overview and Level Annotations

Branches:
Dungeon (4/15)
 Temple: D:4-7

Altars:
Ashenzari
Nemelex Xobeh
Sif Muna


Innate Abilities, Weirdness & Mutations

You are small and have problems with some larger weapons.
You are somewhat resistant to further mutation.


Message History

You hit the orc priest.
The orc priest is moderately wounded.
The orc priest closely misses you.
You puncture the orc priest!
The orc priest is severely wounded.
The orc hits you with a +0 short sword.
* * * LOW HITPOINT WARNING * * *
You block the orc priest's attack.
You barely miss the orc priest.
The orc priest is severely wounded.
The orc hits you but does no damage. You block the orc priest's attack.
Your shield and leather armour "Olyud" prevent you from hitting the orc priest.
The orc priest is severely wounded.
You block the orc's attack. The orc priest closely misses you.
You hit the orc priest but do no damage.
The orc priest is severely wounded.
The orc zaps a wand.
The bolt of acid hits you. You resist.
* * * LOW HITPOINT WARNING * * *
You are splashed with acid.
You resist.
You die...

#.......# ###.#. .#.
#.....#.#####.........
####........<.....# .)..
#.......##..##.#..# .....
#........#...###..##.....
#............# ##........
###....##....####........
#.....###......#o........
#.....###.......[@o.#.##.
...................###.#
.........................
...................##..##
......#............# .#
#.....##.........#.##. .#
#......#.##.#.##.#.#.. #
.........####.........
........## #.........


You could see an orc priest and an orc.

Vanquished Creatures
  Sigmund (D:2)
  An orc priest (D:4)
  A worker ant (D:4)
  A howler monkey skeleton (D:4)
  5 adders
  An ooze (D:4)
  A dart slug (D:2)
  3 leopard geckos
  An orc (D:3)
  3 giant cockroaches
  10 hobgoblins
  3 jackals (D:3)
  2 quokkas
  2 ball pythons
  5 bats
  3 frilled lizards
  7 goblins
  8 kobolds
  4 rats
62 creatures vanquished.

Notes
Turn   | Place    | Note
-------+----------+-------------------------------------------
     0 | D:1      | Auros the Halfling Fighter began the quest for the Orb.
     0 | D:1      | Reached XP level 1. HP: 15/15 MP: 1/1
   228 | D:1      | Reached skill level 3 in Short Blades
   248 | D:1      | Reached XP level 2. HP: 20/20 MP: 2/2
   609 | D:2      | Reached skill level 4 in Short Blades
   609 | D:2      | Reached XP level 3. HP: 25/25 MP: 3/3
   911 | D:2      | Found a sparkling altar of Nemelex Xobeh.
   953 | D:2      | Reached XP level 4. HP: 30/30 MP: 4/4
  1044 | D:2      | Reached skill level 5 in Short Blades
  1071 | D:2      | Found a shattered altar of Ashenzari.
  1274 | D:2      | Noticed Sigmund
  1301 | D:2      | Killed Sigmund
  1301 | D:2      | Reached skill level 7 in Short Blades
  1301 | D:2      | Reached XP level 5. HP: 27/35 MP: 5/5
  1301 | D:2      | Reached XP level 6. HP: 32/41 MP: 6/6
  2219 | D:4      | Found a shimmering blue altar of Sif Muna.
  2250 | D:4      | Got a pearl-encrusted leather armour
  2261 | D:4      | Identified the cursed +0 leather armour "Olyud" {rCorr
                  | Stlth+} (You found it on level 4 of the Dungeon)
  2409 | D:4      | Reached skill level 8 in Short Blades
  2660 | D:4      | HP: 2/41 [orc/bolt of acid (5)]
  2660 | D:4      | Splashed by an orc's acid

Levels and vault maps discovered:
D:1:      wander_arrival_fairy_ring, layout_rooms, kennysheep_boxes
D:2:      layout_loops_cross, nemelex_xobeh_ov_fountains_minmay,
          lemuel_altar_in_water2, uniq_sigmund
D:3:      layout_basic
D:4:      layout_cave_pools, lemuel_crystal_altar, serial_shops,
          nicolae_shop_overgrown_old_shop, uniq_grinder

Skill      XL: |  1  2  3  4  5  6 |
---------------+-------------------+-----
Short Blades   | 3 4 7 8 |  8.2
Fighting       | |  2.6
Armour         | |  3.2
Shields        | |  3.2

Action                   |  1- 3 |  4- 6 || total
-------------------------+-------+-------++-------
Melee: Rapier            |    77 |   122 ||   199
Throw: Stone             |    11 |    48 ||    59
  Use: Scroll            |       |     1 ||     1
  Eat: Chunk             |       |     5 ||     5
Armor: Scale mail        |    19 |     9 ||    28
       Chain mail        |       |    14 ||    14
Dodge: Dodged            |    24 |    34 ||    58
Block: Shield            |    42 |    43 ||    85

Table legend:
 A = Non-vault XP
 B = Vault XP
 C = Vault XP percentage of total XP
 D = Non-vault monster count
 E = Vault monster count
 F = Vault count percentage of total count
                 A         B        C        D         E       F
            +---------+---------+-------+---------+---------+-------
      Total |     252 |     238 |  48.6 |      61 |       1 |   1.6
            +---------+---------+-------+---------+---------+-------
        D:1 |      24 |       0 |   0.0 |      15 |       0 |   0.0
        D:2 |      89 |     238 |  72.8 |      24 |       1 |   4.0
        D:3 |      21 |       0 |   0.0 |      12 |       0 |   0.0
        D:4 |     118 |       0 |   0.0 |      10 |       0 |   0.0
            +---------+---------+-------+---------+---------+-------
